 Dungeon Crawl Stone Soup version 0.17.1-3-g152610e (webtiles) character file.

154 Alarkh the Chopper (level 5, -4/38 HPs)
             Began as a Mummy Skald on Apr 16, 2016.
             Killed from afar by an orc wizard (9 damage)
             ... with a puff of flame
             ... on level 4 of the Dungeon.
             The game lasted 00:04:00 (2879 turns).

Alarkh the Chopper (Mummy Skald)                    Turns: 2879, Time: 00:04:01

Health: -4/38      AC:  9    Str: 16    XL:     5   Next: 13%
Magic:  1/8        EV: 10    Int: 12    God:
Gold:   137        SH:  0    Dex: 11    Spells: 3 memorised, 3 levels left

rFire  x . .     SeeInvis .     a - +0 war axe
rCold  + . .     Clarity  .     e - +4 ring mail
rNeg   + + +     SustAt   .     (no shield)
rPois  ∞         Gourm    .     (no helmet)
rElec  .         Spirit   .     (no cloak)
rCorr  .         Warding  .     (no gloves)
rMut   .         Stasis   .     (no boots)
MR     +....                    (no amulet)
Stlth  +.........               (no ring)
                                h - ring of protection from magic

@: somewhat resistant to hostile enchantments, very unstealthy
A: no food or potions, fire vulnerability, cold resistance 1, negative energy
resistance 3, torment resistance, unbreathing
a: no special abilities


You were on level 4 of the Dungeon.
You were not hungry.

You visited 1 branch of the dungeon, and saw 4 of its levels.

You collected 137 gold pieces.

Inventory:

Hand Weapons
 a - a +0 war axe (weapon)
 l - a +0 hand axe
Armour
 b - a +0 leather armour
 e - a +4 ring mail (worn)
Jewellery
 h - a ring of protection from magic (left hand)
Scrolls
 d - a scroll of identify
 f - 2 scrolls of enchant armour
 g - 3 scrolls of remove curse
 i - 2 scrolls of recharging
 j - 3 scrolls of teleportation
 k - a scroll of amnesia
Books
 c - a book of Battle

   Spells                             Type                      Level
   a - Infusion                       Charms                       1
   b - Shroud of Golubria             Charms/Translocation         2
   c - Song of Slaying                Charms                       2
   d - Spectral Weapon                Hexes/Charms                 3
   e - Regeneration                   Charms/Necromancy            3


   Skills:
 - Level 2.0 Fighting
 + Level 4.4 Axes
 - Level 0.7 Armour
 - Level 0.7 Dodging
 - Level 2.0 Spellcasting
 - Level 2.4 Charms


You had 3 spell levels left.
You knew the following spells:

 Your Spells              Type           Power        Failure   Level  Hunger
a - Infusion              Chrm           #.....       24%         1    N/A
b - Song of Slaying       Chrm           #.......     34%         2    N/A
e - Shroud of Golubria    Chrm/Tloc      #.........   54%         2    N/A

Dungeon Overview and Level Annotations

Branches:
Dungeon (4/15)
 Temple: D:4-7

Altars:
Ashenzari
Elyvilon
Yredelemnul
Zin
The Shining One

Shops:
D:4 %

Annotations:
D:3 Tobisume's ghost, amateur DsGl


Innate Abilities, Weirdness & Mutations

You do not eat or drink.
Your flesh is vulnerable to fire.
You are immune to poison.
Your flesh is cold resistant.
You are immune to negative energy.
You are immune to unholy pain and torment.
You can survive without breathing.


Message History

* * * LOW HITPOINT WARNING * * *
You closely miss the orc wizard.
The orc wizard is heavily wounded.
The orc wizard hits you but does no damage.
You barely miss the orc wizard.
The orc wizard is heavily wounded.
The orc wizard hits you but does no damage. x2
Read which item? (? for menu, Esc to quit)
Okay, then.
You closely miss the orc wizard.
The orc wizard is heavily wounded.
The orc wizard barely misses you.
The orc wizard hits you but does no damage.
You hit the orc wizard but do no damage.
The orc wizard is heavily wounded.
You are no longer magically infusing your attacks.
The orc wizard hits you but does no damage.
The orc wizard casts a spell at you. The puff of flame hits you!
The fire burns you terribly!
You die...

#.. ..# #.###.###.
#.###.# #.....# #.
#.....###....[###.
#.###.....#.#.....
#######.#########.##....
........................
#######.####.####.#####.
#.# #.# #. #@# #!# #.
#....o)# #.#####.
#.####.# #.....#. #.#
#.###.#. ... #.# #.#.
... #.####.###.#. ...
#....))......
...##.######....... #.#
#..##...


You could see an orc wizard.

Vanquished Creatures
  An orc priest (D:4)
  A worker ant (D:4)
  A hound skeleton (D:4)
  An adder skeleton (D:4)
  2 worms (D:2)
  A giant gecko (D:2)
  8 orcs (D:4)
  5 bats
  4 giant cockroaches
  2 gnoll zombies (D:2)
  7 hobgoblins
  6 jackals
  3 ball pythons
  A giant newt (D:1)
  12 goblins
  8 kobolds
  2 quokka skeletons (D:4)
  5 rats
70 creatures vanquished.

Notes
Turn   | Place    | Note
--------------------------------------------------------------
     0 | D:1      | Alarkh the Mummy Skald began the quest for the Orb.
     0 | D:1      | Reached XP level 1. HP: 16/16 MP: 3/3
   590 | D:1      | Reached XP level 2. HP: 20/22 MP: 1/5
   631 | D:1      | Learned a level 2 spell: Song of Slaying
   634 | D:1      | Learned a level 2 spell: Shroud of Golubria
  1160 | D:2      | Reached XP level 3. HP: 18/27 MP: 0/6
  1175 | D:2      | Found a shattered altar of Ashenzari.
  1285 | D:2      | Reached skill level 3 in Axes
  1339 | D:2      | Found a basalt altar of Yredelemnul.
  1804 | D:2      | Found a white marble altar of Elyvilon.
  1804 | D:2      | Found a glowing golden altar of the Shining One.
  1805 | D:2      | Found a glowing silver altar of Zin.
  2346 | D:3      | Found a faded altar to an unknown god.
  2362 | D:3      | Noticed Tobisume's ghost (amateur DsGl)
  2428 | D:4      | Reached XP level 4. HP: 22/33 MP: 7/7
  2742 | D:4      | Reached skill level 4 in Axes
  2797 | D:4      | Found Ejellipt's Food Shoppe.
  2851 | D:4      | Reached XP level 5. HP: 38/38 MP: 3/8
  2879 | D:4      | Killed from afar by an orc wizard

Action                   |  1- 3 |  4- 6 || total
-------------------------+-------+-------++-------
Melee: Hand axe          |   200 |    39 ||   239
       War axe           |       |    17 ||    17
 Cast: Infusion          |    27 |     9 ||    36
  Use: Scroll            |     5 |       ||     5
